 Dungeon Crawl Stone Soup version 0.21.0-25-ge575cb9 (webtiles) character file.

21 doot the Grasshopper (level 2, 0/25 HPs)
             Began as a Centaur Warper on Jan 26, 2018.
             Slain by a gnoll
             ... wielding a +0 flail
              (9 damage)
             ... on level 2 of the Dungeon.
             The game lasted 00:01:19 (1166 turns).

doot the Grasshopper (Centaur Warper)               Turns: 1166, Time: 00:01:20

Health: 0/25       AC:  4    Str: 13    XL:     2   Next: 62%
Magic:  4/4        EV:  9    Int: 12    God:
Gold:   31         SH:  0    Dex:  8    Spells: 0/4 levels left

rFire    . . .     SeeInvis .   a - +0 mace
rCold    . . .     Gourm    .   (no shield)
rNeg     . . .     Faith    .   b - +0 leather armour
rPois    .         Spirit   .   (no helmet)
rElec    .         Reflect  .   (no cloak)
rCorr    .         Harm     .   (no gloves)
MR       .....                  (no barding)
Stlth    ..........             (no amulet)
HPRegen  0.08/turn              (no ring)
MPRegen  0.09/turn              (no ring)

@: very quick
A: large, hooves 3, deformed body, speed 2, tough skin 3
a: no special abilities


You were on level 2 of the Dungeon.
You were not hungry.

You visited 1 branch of the dungeon, and saw 2 of its levels.

You collected 31 gold pieces.

Inventory:

Hand Weapons
 a - a +0 mace (weapon)
Missiles
 e - 5 tomahawks of dispersal (quivered)
Armour
 b - a +0 leather armour (worn)
Jewellery
 i - an uncursed ring of magical power {unknown}
Scrolls
 d - a scroll of blinking
 g - a scroll of identify {unknown}
 h - a scroll of immolation {unknown}
 j - a scroll of enchant armour {unknown}
 m - a scroll of noise {unknown}
 n - a scroll of fog {unknown}
 o - a scroll of teleportation {unknown}
Potions
 l - a potion of heal wounds {unknown}
 p - a potion of resistance {unknown}
Books
 c - a book of Spatial Translocations

   Spells                             Type                      Level
   a - Blink                          Translocation                2
   b - Shroud of Golubria             Charms/Translocation         2
   c - Lesser Beckoning               Translocation                3
   d - Gell's Gravitas                Translocation                3
   e - Teleport Other                 Translocation                3
   f - Passage of Golubria            Translocation                4
Comestibles
 f - 2 rations


   Skills:
 + Level 2.3 Fighting
 + Level 2.2 Maces & Flails
 + Level 1.1 Throwing
 + Level 0.6 Armour
 + Level 1.6 Dodging
 + Level 1.8 Spellcasting
 + Level 2.7 Translocations


You couldn't memorise any spells.
You knew the following spells:

 Your Spells              Type           Power        Failure   Level  Hunger
a - Blink                 Tloc           N/A          17%         2    ###....
b - Shroud of Golubria    Chrm/Tloc      #.........   30%         2    ###....


Dungeon Overview and Level Annotations

Branches:
Dungeon (2/15)

Altars:


Innate Abilities, Weirdness & Mutations

You have hooves in place of feet.
Armour fits poorly on your strangely shaped body.
You cover ground very quickly.
You have extremely tough skin. (AC +3)


Message History

You are too injured to fight recklessly!
There is a stone staircase leading up here.
You climb upwards.
There is a stone staircase leading down here.
You start resting.
HP restored.
You start waiting.
Done waiting.
You climb downwards.
The gnoll hits you with a flail.
There is a stone staircase leading up here.
The gnoll hits you with a flail!
The gnoll hits you from afar with a spear.
The gnoll barely misses you.
You hit the gnoll. You kick the gnoll, but do no damage.
The gnoll is lightly wounded.
The gnoll barely misses you. The gnoll closely misses you.
You closely miss the gnoll.
The gnoll is lightly wounded.
The gnoll hits you but does no damage. The gnoll hits you with a flail!
You die...

#.
#.##
#..#
#%##
#..#
##.##
#.g#
##g#
#@#
#.#
#.#
#(.
#.##
#.#
###


You could see 2 gnolls.

Vanquished Creatures
  A dart slug (D:1)
  3 giant cockroaches (D:1)
  A hobgoblin (D:1)
  3 ball pythons (D:1)
  4 bats (D:1)
  2 frilled lizards (D:1)
  2 goblins (D:1)
  3 kobolds (D:1)
  3 rats (D:1)
22 creatures vanquished.

Notes
Turn   | Place    | Note
-------+----------+-------------------------------------------
     0 | D:1      | doot the Centaur Warper began the quest for the Orb.
     0 | D:1      | Reached XP level 1. HP: 17/17 MP: 3/3
   251 | D:1      | Reached XP level 2. HP: 23/24 MP: 4/4
   517 | D:1      | Learned a level 2 spell: Blink
   520 | D:1      | Learned a level 2 spell: Shroud of Golubria
  1166 | D:2      | Slain by a gnoll

Skill      XL: |  1 |
---------------+----+-----
Maces & Flails | 2 |  2.2
Fighting       | |  2.3
Throwing       | |  1.1
Armour         | |  0.6
Dodging        | |  1.6
Spellcasting   | |  1.8
Translocations | |  2.7

Action                   || total
-------------------------++-------
Melee: Mace              ||    52
       Kick              ||     6
Armor: Leather armour    ||    22
Dodge: Dodged            ||    27
